 Dungeon Crawl Stone Soup version 0.21.1-1-g345015fe64 (webtiles) character file.

70342 GuyWithAPlan the End of an Era (level 15, -4/126 HPs)
             Began as a Hill Orc Monk on Feb 9, 2018.
             Was the Champion of Qazlal.
             Slain by a bone dragon (7 damage)
             ... on level 2 of the Abyss.
             The game lasted 01:10:33 (24811 turns).

GuyWithAPlan the End of an Era (Hill Orc Monk)     Turns: 24811, Time: 01:10:33

Health: -4/126     AC: 27    Str: 29    XL:     15   Next: 32%
Magic:  0/27       EV: 10    Int: 10    God:    Qazlal [******]
Gold:   1950       SH:  8    Dex: 19    Spells: 14/14 levels left

rFire    + . .     SeeInvis .   g - +4 great mace (protect)
rCold    . . .     Gourm    .   (shield currently unavailable)
rNeg     . . .     Faith    .   d - +1 plate armour {rF+}
rPois    .         Spirit   +   o - +2 helmet of the Planets {+Fly MR- Regen+ rCorr}
rElec    +         Reflect  .   K - scarf {Spirit}
rCorr    +         Harm     .   M - +1 pair of gloves "Mauwkyw" {+Inv rElec MR++ rCorr}
MR       +....                  (no boots)
Stlth    ..........             k - amulet of rage
HPRegen  0.71/turn              h - +6 ring of strength
MPRegen  0.20/turn              l - +6 ring of strength

@: about to teleport, vulnerable, protected from physical damage, repel missiles
A: rugged brown scales 1, thin skeletal structure 1
a: Upheaval, Elemental Force, Disaster Area, Renounce Religion, Evoke Berserk
Rage, Evoke Invisibility, Evoke Flight


You were on level 2 of the Abyss.
You worshipped Qazlal.
Qazlal was exalted by your worship.
You were near starving.

You visited 3 branches of the dungeon, and saw 19 of its levels.
You visited the Abyss 1 time.
You also visited: Bailey.

You collected 2868 gold pieces.
You spent 918 gold pieces at shops.

Inventory:

Hand Weapons
 g - a +4 great mace of protection (weapon)
 C - a +5 flail of protection
 F - the +0 hand axe "Qoafafe" {venom, rC+ Dex+4}
   (You took it off a kobold on level 11 of the Dungeon)

   It poisons the flesh of those it strikes.
   It affects your dexterity (+4).
   It protects you from cold.
 Y - a -1 war axe
Missiles
 e - 43 tomahawks of returning (quivered)
Armour
 d - a +1 plate armour of fire resistance (worn)
 o - the +2 helmet of the Planets (worn) {+Fly MR- Regen+ rCorr}
   (You bought it in a shop on level 8 of the Dungeon)

   It affects your resistance to hostile enchantments.
   It lets you fly.
   It increases your rate of regeneration.
   It protects you from acid and corrosion.
 r - a +0 cloak
 K - a scarf of spirit shield (worn)
 M - the +1 pair of gloves "Mauwkyw" (worn) {+Inv rElec MR++ rCorr}
   (You bought it in a shop on level 8 of the Dungeon)

   It insulates you from electricity.
   It affects your resistance to hostile enchantments.
   It lets you turn invisible.
   It protects you from acid and corrosion.
 S - a scarf of spirit shield
 W - a cursed +0 chain mail
Jewellery
 a - a +1 ring of evasion
 f - an uncursed ring of positive energy {unknown}
 h - a +6 ring of strength (left hand)
 k - an amulet of rage (around neck)
 l - a +6 ring of strength (right hand)
 v - an uncursed ring of stealth
 B - a cursed ring of loudness {unknown}
 L - an uncursed ring of wizardry
 O - an uncursed amulet of guardian spirit
Wands
 i - a wand of iceblast (22)
 j - a wand of flame (17)
 Q - a wand of acid (13)
 T - a wand of paralysis (17)
 Z - a wand of random effects (25)
Scrolls
 b - a scroll of brand weapon
 m - 2 scrolls of magic mapping
 n - 10 scrolls of amnesia
 p - 12 scrolls of remove curse
 s - 2 scrolls of fog
 w - 2 scrolls of fear
 y - 6 scrolls of teleportation
 E - 2 scrolls of enchant armour
 N - a scroll of identify
Potions
 q - a potion of berserk rage
 t - 2 potions of mutation
 u - 2 potions of flight
 x - 2 potions of agility
 z - a potion of magic
 A - 2 potions of haste
 G - 3 potions of brilliance
 H - 2 potions of ambrosia
 I - 4 potions of lignification
 J - 5 potions of curing
 P - a potion of resistance
 R - 2 potions of invisibility
 V - 2 potions of cancellation
Miscellaneous
 D - a phantom mirror
Comestibles
 c - 40 rations


   Skills:
 - Level 8.6 Fighting
 - Level 11.8(16.3) Axes
 + Level 15.7(16.7) Maces & Flails
 - Level 13.8 Armour
 - Level 2.5 Dodging
 - Level 1.6 Stealth
 - Level 17.5 Invocations


You had 14 spell levels left.
You didn't know any spells.

Dungeon Overview and Level Annotations

Branches:
Dungeon (11/15)            Temple (0/1) D:5            Lair (6/6) D:10
 Shoals (0/4) Lair:2       Spider (0/4) Lair:2        Slime (0/5) Lair:6
    Orc (2/2) D:10            Elf (0/3) Orc:2

Altars:
Cheibriados
Dithmenos
Elyvilon
Gozag
Kikubaaqudgha
Nemelex Xobeh
Okawaru
Qazlal
Ru
Wu Jian
Xom
Yredelemnul
Beogh
Jiyva

Shops:
D:4 *   D:6 [   D:8 [   Orc:2 [*((

Annotations:
D:6 RUZZLEFAZAZZLE's ghost, novice GnFi
D:11 Psyche
Lair:6 1 runed door


Innate Abilities, Weirdness & Mutations

You are partially covered in rugged brown scales. (AC +1, +3% HP)
You have a somewhat thin skeletal structure. (Dex +2, Stealth)


Message History

You feel more protected from physical attacks.
You hear a horrible gurgling sound!
A bone dragon and a large abomination come into view.
You recover from your berserk rage.
You feel better.
The bone dragon is engulfed in freezing vapours.
The phantasmal warrior hits you!!
* * * LOW HITPOINT WARNING * * *
Your magical defenses are stripped away!
A neqoxec comes into view.
You feel better. The bone dragon barely misses you. The bone dragon claws you.
* * * LOW HITPOINT WARNING * * *
You feel more protected from physical attacks.
The bone dragon tramples you but does no damage.
You feel better. The bone dragon bites you!
* * * LOW HITPOINT WARNING * * *
You feel more protected from physical attacks.
The bone dragon claws you but does no damage.
The bone dragon tramples you!
You die...

## . . # .# .
#. # .#. ##.
.. .# # #.#
.... . #....
.# #.#
#..####
......# .
#.X.#@##....#
##.##XDX..#
#...WZ#....#
. .
#.##...#.##..
# ## ##.. .#
. . ...#.#.
##3#### #. .
#.. # ... ...
.


You could see a bone dragon, a tentacled starspawn, a large abomination, a
phantasmal warrior, a neqoxec and a shadow dragon zombie.

Vanquished Creatures
  Rupert (Lair:3)
  Kirke (Lair:5)
  The ghost of Schimscham the Warrior, a journeyman MiBe of Trog (Orc:2)
  Nessos (Lair:5)
  Snorg (Lair:3)
  A quicksilver dragon zombie (Abyss:2)
  A great orb of eyes (Abyss:2)
  An ice dragon (Lair:6)
  7 hydras
  A centaur warrior (Orc:2)
  8 two-headed ogres
  Urug (Lair:4)
  A sun demon (Abyss:2)
  A sixfirhy (Abyss:2)
  The ghost of Noxor the Jinx, a journeyman VSEn of Hepliaklqana (Orc:2)
  An unseen horror (D:9)
  An anaconda zombie (Abyss:2)
  2 lindwurms (Lair:6)
  A necromancer (Abyss:2)
  2 orc knights
  A manticore (D:9)
  An ugly thing (D:10)
  2 cyclopes
  A worldbinder (Abyss:2)
  4 elephants (Lair:5)
  A merfolk siren (Lair:2)
  4 black mambas
  5 torpor snails (Lair:6)
  2 gargoyles
  The ghost of Faustar the Charmwright, a novice GnSk (D:5)
  7 spiny frogs
  A smoke demon (Abyss:2)
  A centaur skeleton (D:11)
  4 komodo dragons
  A catoblepas zombie (Abyss:2)
  The ghost of BrokenGlass the Sneak, a novice OpFi (D:3)
  3 rime drakes
  5 trolls
  2 ancient zymes (Abyss:2)
  A queen bee (D:9)
  3 tyrant leeches (Lair:6)
  6 hornets (Lair:6)
  A hydra skeleton (Abyss:2)
  Prince Ribbit (D:5)
  4 polar bears
  7 hippogriffs
  9 blink frogs
  A raiju (Abyss:2)
  7 dream sheep (Lair:4)
  41 yaks
  2 wraiths
  Sigmund (D:6)
  2 ynoxinuls (Abyss:2)
  3 wyverns
  Edmund (D:6)
  Menkaure (D:4)
  A merfolk zombie (Abyss:2)
  10 water moccasins
  Duvessa (D:5)
  39 orc warriors
  8 porcupines
  3 eyes of draining
  2 phantoms
  A black bear (D:7)
  4 ice beasts
  6 sky beasts
  A necrophage (D:11)
  5 wolves
  5 ogres
  19 centaurs
  13 crocodiles
  2 big kobolds (D:11)
  6 small abominations (Abyss:2)
  Blork the orc (D:6)
  12 bullfrogs
  Dowan (D:5)
  A wyvern skeleton (D:10)
  44 killer bees
  2 scorpions
  3 electric eels
  3 wights (D:10)
  A howler monkey (D:4)
  7 crimson imps
  A bullfrog skeleton (D:9)
  2 bullfrog zombies
  3 centaur zombies
  A quasit (Abyss:2)
  8 hounds
  An iron imp (Abyss:2)
  3 jellies
  23 orc priests
  Crazy Yiuf (D:3)
  Natasha (thrice) (D:2)
  An iguana (D:10)
  6 worker ants
  16 orc wizards
  A bullfrog simulacrum (D:8)
  A hound skeleton (D:7)
  3 worker ant zombies
  Robin (D:2)
  3 gnolls (Bailey)
  11 adders
  2 shadow imps
  A white imp (Abyss:2)
  5 ufetubi
  An ooze (D:2)
  2 adder skeletons
  2 worms
  7 dart slugs
  5 leopard geckos
  105 orcs
  5 giant cockroaches
  14 hobgoblins
  18 jackals
  5 quokkas
  A ball python skeleton (D:4)
  7 bats
  9 frilled lizards
  14 goblins
  A jackal zombie (D:7)
  24 kobolds
  A quokka simulacrum (D:8)
  A quokka skeleton (D:4)
  10 rats
  A butterfly (Lair:6)
  2 fungi
  A lurking horror (Abyss:2)
707 creatures vanquished.

Vanquished Creatures (collateral kills)
  A hippogriff (D:11)
  An ogre (D:11)
  An orc (D:11)
  A kobold (D:11)
4 creatures vanquished.

Vanquished Creatures (others)
  A sky beast (D:10)
  A bush (Lair:2)
  A demonic plant (Abyss:2)
  12 fungi
  19 plants
34 creatures vanquished.

Grand Total: 745 creatures vanquished

Notes
Turn   | Place    | Note
-------+----------+-------------------------------------------
     0 | D:1      | GuyWithAPlan the Hill Orc Monk began the quest for the Orb.
     0 | D:1      | Reached XP level 1. HP: 19/19 MP: 1/1
   107 | D:1      | Reached XP level 2. HP: 15/27 MP: 2/2
   466 | D:1      | Reached XP level 3. HP: 34/34 MP: 3/3
   702 | D:2      | Noticed Robin
   713 | D:2      | Reached skill level 5 in Fighting
   998 | D:2      | Killed Robin
   998 | D:2      | Reached XP level 4. HP: 37/42 MP: 4/4
  1556 | D:2      | Noticed Natasha
  1558 | D:2      | Reached XP level 5. HP: 51/51 MP: 5/5
  1572 | D:2      | Killed Natasha
  1953 | D:2      | Noticed Natasha
  1965 | D:2      | Killed Natasha
  2094 | D:2      | Noticed Natasha
  2113 | D:2      | Killed Natasha
  2197 | D:2      | qaz
  2490 | D:3      | Reached XP level 6. HP: 46/60 MP: 6/6
  2673 | D:3      | HP: 1/60 [orc priest/divine providence (13)]
  2678 | D:3      | Gained mutation: You have a somewhat thin skeletal structure. (Dex +2, Stealth) [potion of mutation]
  2678 | D:3      | Gained mutation: You are partially covered in rugged brown scales. (AC +1, +3% HP) [potion of mutation]
  3286 | D:3      | Noticed BrokenGlass's ghost (novice OpFi)
  3320 | D:3      | Killed BrokenGlass's ghost
  3320 | D:3      | Reached XP level 7. HP: 15/71 MP: 7/7
  3737 | D:3      | Found an ancient bone altar of Kikubaaqudgha.
  3738 | D:3      | Found a snail-covered altar of Cheibriados.
  3879 | D:3      | Found a runed door.
  3883 | D:3      | Noticed Crazy Yiuf
  3888 | D:3      | Paralysed by Crazy Yiuf for 4 turns
  3900 | D:3      | Killed Crazy Yiuf
  4195 | D:4      | Found Vadel's General Store.
  4489 | D:4      | Reached skill level 1 in Armour
  4693 | D:4      | Found a stormy altar of Qazlal.
  4707 | D:4      | Became a worshipper of Qazlal Stormbringer
  4707 | D:4      | Reached * piety under Qazlal
  4707 | D:4      | Reached ** piety under Qazlal
  4879 | D:4      | Noticed Menkaure
  4895 | D:4      | Killed Menkaure
  4895 | D:4      | Reached skill level 2 in Invocations
  4895 | D:4      | Reached XP level 8. HP: 24/77 MP: 7/9
  5148 | D:4      | Found an iron altar of Okawaru.
  5201 | D:5      | Entered Level 5 of the Dungeon
  5205 | D:5      | Noticed Prince Ribbit
  5221 | D:5      | Killed Prince Ribbit
  5221 | D:5      | Reached skill level 3 in Invocations
  5470 | D:5      | Noticed Faustar's ghost (novice GnSk)
  5472 | D:5      | Reached skill level 4 in Invocations
  5516 | D:5      | Killed Faustar's ghost
  5516 | D:5      | Reached skill level 5 in Armour
  5516 | D:5      | Reached skill level 5 in Invocations
  6008 | D:5      | Noticed Dowan
  6012 | D:5      | Noticed Duvessa
  6025 | D:5      | Killed Duvessa
  6025 | D:5      | Reached XP level 9. HP: 73/84 MP: 13/13
  6036 | D:5      | Killed Dowan
  6036 | D:5      | Reached skill level 6 in Invocations
  6378 | D:5      | Found a staircase to the Ecumenical Temple.
  6511 | D:5      | Found a sacrificial altar of Ru.
  7037 | D:6      | Found Cicociow's Armour Shoppe.
  7069 | D:6      | Found a sparkling altar of Nemelex Xobeh.
  7245 | D:6      | Noticed Edmund
  7300 | D:6      | Killed Edmund
  7460 | D:6      | Noticed Sigmund
  7473 | D:6      | Killed Sigmund
  7505 | D:6      | Found a basalt altar of Yredelemnul.
  7665 | D:6      | Noticed RUZZLEFAZAZZLE's ghost (novice GnFi)
  8019 | D:6      | Found a white marble altar of Elyvilon.
  8118 | D:6      | Found an ornate altar of the Wu Jian Council.
  8173 | D:6      | Reached skill level 7 in Invocations
  8183 | D:6      | Noticed Blork the orc
  8463 | D:6      | Killed Blork the orc
  8950 | D:6      | Reached skill level 8 in Invocations
  9198 | D:7      | Reached skill level 1 in Maces & Flails
  9274 | D:7      | Reached XP level 10. HP: 73/92 MP: 16/16
  9558 | D:7      | Reached *** piety under Qazlal
  9800 | D:8      | Reached skill level 5 in Maces & Flails
  9807 | D:8      | Noticed a two-headed ogre
  9828 | D:7      | Killed a two-headed ogre
  9828 | D:7      | Reached skill level 9 in Invocations
 10271 | D:8      | Noticed a two-headed ogre
 10279 | D:8      | Killed a two-headed ogre
 10284 | D:8      | Noticed a two-headed ogre
 10292 | D:8      | Killed a two-headed ogre
 10737 | D:8      | Noticed a two-headed ogre
 10750 | D:8      | Killed a two-headed ogre
 10750 | D:8      | Reached skill level 10 in Maces & Flails
 10750 | D:8      | Reached XP level 11. HP: 54/97 MP: 11/18
 10926 | D:8      | Noticed a two-headed ogre
 11269 | D:8      | Reached **** piety under Qazlal
 11306 | D:8      | Found an opulent altar of Gozag.
 11409 | D:8      | Found Cuddagav's Antique Armour Boutique.
 11447 | D:8      | Killed a two-headed ogre
 11610 | D:8      | Bought a pair of steaming gloves for 323 gold pieces
 11615 | D:8      | Identified the +1 pair of gloves "Mauwkyw" {+Inv rElec MR++ rCorr} (You bought it in a shop on level 8 of the Dungeon)
 12479 | D:9      | Reached skill level 10 in Invocations
 12536 | D:9      | Noticed a two-headed ogre
 12774 | D:9      | Noticed a manticore
 12788 | D:9      | Killed a manticore
 13057 | D:9      | Killed a two-headed ogre
 13211 | D:9      | Reached ***** piety under Qazlal
 13343 | D:9      | Killed an unseen horror
 13472 | D:9      | Reached XP level 12. HP: 98/106 MP: 17/19
 14026 | D:10     | Entered Level 10 of the Dungeon
 14069 | D:10     | Reached skill level 11 in Invocations
 14151 | D:10     | Noticed a two-headed ogre
 14163 | D:10     | Killed a two-headed ogre
 14197 | D:10     | Reached skill level 12 in Invocations
 14209 | D:10     | Found a shadowy altar of Dithmenos.
 14340 | D:10     | Found a flagged portal.
 14412 | D:10     | Reached skill level 13 in Invocations
 14477 | Bailey   | Entered a bailey
 14903 | D:10     | Found a staircase to the Lair.
 15060 | D:8      | Bought an ichor-stained helmet for 323 gold pieces
 15060 | D:8      | Bought a glowing scarf for 272 gold pieces
 15081 | D:8      | Identified the +2 helmet of the Planets {+Fly MR- Regen+ rCorr} (You bought it in a shop on level 8 of the Dungeon)
 15157 | D:10     | Reached skill level 14 in Invocations
 15253 | D:10     | Found a staircase to the Orcish Mines.
 15801 | Orc:1    | Entered Level 1 of the Orcish Mines
 15804 | Orc:1    | Found a roughly hewn altar of Beogh.
 16485 | Orc:2    | Entered Level 2 of the Orcish Mines
 16485 | Orc:2    | Found a staircase to the Elven Halls.
 16504 | Orc:2    | Noticed Schimscham's ghost (journeyman MiBe)
 16577 | Orc:1    | Reached skill level 15 in Invocations
 16794 | Orc:2    | Found a shimmering altar of Xom.
 16795 | Orc:2    | Noticed Noxor's ghost (journeyman VSEn)
 16819 | Orc:2    | Killed Noxor's ghost
 17015 | Orc:2    | Noticed a centaur warrior
 17015 | Orc:2    | Reached XP level 13. HP: 86/111 MP: 17/24
 17150 | Lair:1   | Entered Level 1 of the Lair of Beasts
 17564 | Lair:1   | Reached ****** piety under Qazlal
 17820 | Lair:2   | Reached skill level 16 in Invocations
 18205 | Lair:2   | Found a hole to the Spider Nest.
 18443 | Lair:2   | Found a staircase to the Shoals.
 18656 | Lair:3   | Reached skill level 10 in Armour
 18682 | Lair:3   | Noticed Rupert
 18695 | Lair:3   | Noticed Snorg
 18723 | Lair:3   | Paralysed by Rupert for 2 turns
 18729 | Lair:3   | Killed Rupert
 18734 | Lair:3   | Killed Snorg
 19519 | Lair:3   | Reached skill level 17 in Invocations
 19779 | Lair:4   | Reached XP level 14. HP: 104/119 MP: 22/26
 19839 | Lair:4   | Noticed Urug
 19858 | Lair:4   | Killed Urug
 20518 | Lair:5   | Noticed Nessos
 20752 | Lair:5   | Killed Nessos
 20768 | Lair:5   | Noticed Kirke
 20779 | Lair:5   | Killed Kirke
 21560 | Lair:6   | Entered Level 6 of the Lair of Beasts
 21858 | Lair:6   | Identified a scroll of acquirement
 22008 | Lair:6   | Found a runed door.
 22008 | Lair:6   | Found a viscous altar of Jiyva.
 22010 | Lair:6   | Noticed an acid blob
 22011 | Lair:6   | Found a staircase to the Slime Pits.
 22350 | Lair:6   | Reached skill level 10 in Axes
 22611 | Lair:6   | Found a runed door.
 23871 | Orc:2    | Killed Schimscham's ghost
 24003 | Orc:2    | Reached XP level 15. HP: 121/126 MP: 27/27
 24191 | Orc:2    | Found Weoliw's Weapon Emporium.
 24191 | Orc:2    | Found Ylittoq's General Store.
 24193 | Orc:2    | Found Aleebo's Armour Shop.
 24195 | Orc:2    | Found Luko's Weapon Shoppe.
 24456 | D:11     | Got a translucent hand axe {venom}
 24504 | D:11     | Identified the cursed +0 hand axe "Qoafafe" {venom, rC+ Dex+4} (You took it off a kobold on level 11 of the Dungeon)
 24569 | D:11     | Noticed Psyche
 24585 | D:11     | Cast into level 2 of the Abyss (Psyche)
 24655 | Abyss:2  | Reached skill level 15 in Maces & Flails
 24798 | Abyss:2  | HP: 3/126 [quicksilver dragon zombie (7)]
 24803 | Abyss:2  | Noticed a tentacled starspawn
 24807 | Abyss:2  | Noticed a bone dragon
 24809 | Abyss:2  | HP: 1/126 [phantasmal warrior (20)]
 24811 | Abyss:2  | Slain by a bone dragon

Skill      XL: |  1  2  3  4  5  6  7  8  9 10 11 12 13 14 15 |
---------------+----------------------------------------------+-----
Fighting       | 4 5 6 7 8 |  8.6
Axes           | 6 7 11 | 11.8
Armour         | 2 6 9 12 13 | 13.8
Invocations    | 2 5 8 9 10 15 17 | 17.5
Maces & Flails | 3 10 13 14 15 | 15.7
Dodging        | |  2.5
Stealth        | |  1.6

Action                   |  1- 3 |  4- 6 |  7- 9 | 10-12 | 13-15 || total
-------------------------+-------+-------+-------+-------+-------++-------
Melee: Hand axe          |    96 |   247 |   417 |       |       ||   760
       Flail             |       |       |   128 |   859 |   685 ||  1672
       Great mace        |       |       |       |       |   292 ||   292
Throw: Tomahawk          |       |       |       |       |     5 ||     5
Invok: Upheaval          |       |       |       |     1 |     1 ||     2
       Elemental Force   |       |       |       |       |     1 ||     1
       Disaster Area     |       |       |       |       |     1 ||     1
 Abil: Evoke Berserk Rag |       |       |       |       |     4 ||     4
Evoke: Wand              |       |       |       |    13 |     3 ||    16
  Use: Potion            |       |     5 |     2 |       |     9 ||    16
       Scroll            |       |     3 |     1 |    18 |    10 ||    32
 Stab: Sleeping          |     2 |     2 |     1 |       |       ||     5
       Distracted        |       |       |       |     1 |       ||     1
  Eat: Chunk             |       |     4 |    13 |    22 |    18 ||    57
       Ration            |       |     1 |     2 |     1 |     3 ||     7
Armor: Robe              |     3 |       |       |       |       ||     3
       Ring mail         |    28 |    79 |    38 |       |       ||   145
       Skin              |       |    22 |    31 |       |       ||    53
       Plate armour      |       |       |   282 |   531 |   738 ||  1551
Dodge: Dodged            |    59 |   122 |   151 |   404 |   432 ||  1168
       Deflected         |       |       |       |    59 |    61 ||   120
Block: Other             |       |       |    30 |   266 |   443 ||   739
